 Dungeon Crawl Stone Soup version 0.30-a0-1161-g0704695555 (webtiles) character file.

Game seed: 14974172384111768552

29 kiwi3s the Chopper (level 3, -2/49 HPs)
             Began as a Minotaur Berserker on Apr 27, 2023.
             Was a Follower of Trog.
             Slain by Terence
             ... wielding a +0 morningstar
              (12 damage)
             ... on level 2 of the Dungeon.
             The game lasted 00:00:41 (831 turns).

kiwi3s the Chopper (Minotaur Berserker)              Turns: 831, Time: 00:00:41

Health: -2/49      AC:  2    Str: 23    XL:     3   Next: 1%
Magic:  2/2        EV: 12    Int:  4    God:    Trog [*.....]
Gold:   40         SH:  0    Dex:  9    Spells: 2/2 levels left

rFire   . . .        a - +0 hand axe
rCold   . . .        (no shield)
rNeg    . . .        b - +0 animal skin
rPois   .            (helmet restricted)
rElec   .            (no cloak)
rCorr   .            (no gloves)
SInv    .            (no boots)
Will    .....        (no amulet) Stlth
                     (no ring)
HPRegen 0.28/turn    (no ring)
MPRegen 0.08/turn

%: no passive effects
@: berserking, very quick
A: horns 2, retaliatory headbutt
a: Renounce Religion, Berserk


You were on level 2 of the Dungeon.
You worshipped Trog.
Trog was aware of your devotion.
You visited 1 branch of the dungeon, and saw 2 of its levels.

You collected 40 gold pieces.

Inventory:

Hand Weapons
 a - a +0 hand axe (weapon)
Armour
 b - a +0 animal skin (worn)
Jewellery
 f - a ring of fire
 g - an amulet of regeneration
Potions
 c - 2 potions of flight {unknown}
 d - a potion of haste {unknown}
 e - a potion of attraction {unknown}


   Skills:
 + Level 4.0 Fighting
 + Level 4.0 Axes
 + Level 3.0 Armour
 + Level 2.6 Dodging


You had 2 spell levels left.
You didn't know any spells.
Your spell library was empty.

Dungeon Overview and Level Annotations

Branches:
Dungeon (2/15)

Altars:

Annotations:
D:2 Terence


Innate Abilities, Weirdness & Mutations

You have a pair of horns on your head.
You reflexively headbutt those who attack you in melee.


Message History

Trog accepts your kill.
You feel sick.
Your Fighting skill increases to level 4!
Your Armour skill increases to level 3!
You have reached level 3!
Your experience leads to an increase in your attributes!
Increase (S)trength, (I)ntelligence, or (D)exterity?
You feel stronger. x2
You feel sick.
You feel sick.
You are no longer poisoned.
HP restored.
Terence the Incautious comes into view.
He is wielding a +0 morningstar.
Terence shouts!
Terence is nearby!
A kobold comes into view. It is wielding a +0 club.
Found 15 gold pieces and a scroll labelled EREITA BOITEL.
The kobold shouts!
There are monsters nearby!
You barely miss Terence. Terence hits you with a +0 morningstar.
There are monsters nearby!
You hit Terence.
Terence is lightly wounded.
A bat comes into view.
Terence hits you with a +0 morningstar!
There are monsters nearby!
You fail to use your ability.
Terence hits you with a +0 morningstar.
* * * LOW HITPOINT WARNING * * *
Unknown command.
A red film seems to cover your vision as you go berserk!
You feel yourself moving faster!
You feel mighty! Terence closely misses you.
The kobold hits you with a +0 club.
* * * LOW HITPOINT WARNING * * *
You hit Terence.
Terence is moderately wounded.
You slash the kobold!
You kill the kobold!
Trog accepts your kill. The bat closely misses you.
Terence hits you with a +0 morningstar!
You die...

##### ..# #...
..# #.. ...? #.#
.....
#####.#####....#
#...<...........
#........@......
#......†@b......
#####.#..##...$.
#....## ...
#....# . #......
#....### #.....
#...... ###.....


You could see Terence and a bat.

Vanquished Creatures
  An adder (D:2)
  A dart slug (D:1)
  A ball python (D:1)
  A bat (D:1)
  A giant cockroach (D:1)
  2 goblins (D:1)
  2 hobgoblins (D:1)
  3 jackals (D:1)
  3 kobolds
  4 rats
19 creatures vanquished.

Notes
Turn   | Place    | Note
-------+----------+-------------------------------------------
     0 | D:1      | kiwi3s the Minotaur Berserker began the quest for the Orb.
     0 | D:1      | Reached XP level 1. HP: 19/19 MP: 0/0
   103 | D:1      | Reached XP level 2. HP: 27/27 MP: 1/1
   778 | D:2      | Reached XP level 3. HP: 23/33 MP: 2/2
   824 | D:2      | Noticed Terence
   831 | D:2      | Slain by Terence

Illustrated notes

Levels and vault maps discovered:
D:1:      minmay_arrival_open_corners, layout_loops_ring,
          chequers_serial_rivers_room_b
D:2:      layout_rooms, serial_shops, shop, uniq_crazy_yiuf_cottage,
          uniq_terence

Skill      XL: |  1  2 |
---------------+-------+-----
Axes           | 4 |  4.0
Fighting       | 4 |  4.0
Armour         | 3 |  3.0
Dodging        | |  2.6

Action                     || total
---------------------------++-------
  Melee: Hand axe          ||    41
         Headbutt          ||     7
 Invoke: Berserk           ||     1
 Armour: Animal skin       ||     1
  Dodge: Dodged            ||    30

Table legend: (Time is in decaauts)
 A = Elapsed time spent in this place.
 B = Non-inter-level travel time spent in this place.
 C = Inter-level travel time spent in this place.
 D = Time resting spent in this place.
 E = Time spent auto-exploring this place.
 F = Levels seen in this place.
 G = Mean time per level.
                   A        B        C        D        E       F      G
               +--------+--------+--------+--------+--------+-----+--------+
         Total |    837 |    803 |     34 |      0 |    696 |   2 |  418.5 |
       Dungeon |    837 |    803 |     34 |      0 |    696 |   2 |  418.5 |
               +--------+--------+--------+--------+--------+-----+--------+

Top non-repeatable levels by time:
     D:1: 771 daAuts
     D:2: 65 daAuts
